TOP OF THE 1ST |
Seattle Rocketeers batting - Pitching for Houston 1837 BBC : RHP Júlio Gutiérrez
|
Pitching: RHP Júlio Gutiérrez
|
|
Batting: RHB Jurgen Flurgenburgen
|
0-0: Called Strike 0-1: Foul Ball, location: 2F 0-2: Strikes out swinging, 2-3 out at first.
|
Batting: RHB Bogumil Tiwontschik
|
0-0: Called Strike 0-1: Ball 1-1: Ball 2-1: Ball 3-1: Called Strike 3-2: Strikes out looking
|
Batting: RHB Meester Gobbles-Rooster
|
0-0: Called Strike 0-1: SINGLE (Line Drive, 7S, EV 105.6 MPH)
|
Batting: RHB Claudio Tappen
|
0-0: DOUBLE (Line Drive, 8RXD, EV 101.9 MPH) Meester Gobbles-Rooster to third
|
Batting: LHB Thierry Honoré
|
0-0: Ball 1-0: Foul Ball, location: 2F 1-1: Ball 2-1: DOUBLE (Groundball, 5L, EV 105.0 MPH) Meester Gobbles-Rooster scores Claudio Tappen scores
|
Batting: RHB Alain Grosjean
|
0-0: Ground out 1-3 (Groundball, P, EV 79.4 MPH)
|
Top of the 1st over - 2 runs, 3 hits, 0 errors, 1 left on base; Seattle 2 - Houston 0 |
BOTTOM OF THE 1ST |
Houston 1837 BBC batting - Pitching for Seattle Rocketeers : RHP John A. Mais
|
Pitching: RHP John A. Mais
|
|
Batting: RHB Krystof Melichar
|
0-0: Ball 1-0: Swinging Strike 1-1: Ball 2-1: Foul Ball, location: 2F 2-2: Strikes out swinging
|
Batting: LHB Connor Petty
|
0-0: Ball 1-0: Foul Ball, location: 2F 1-1: Ground out 6-3 (Groundball, 6M, EV 108.8 MPH)
|
Batting: RHB Joey Trifone
|
0-0: Ball 1-0: Fly out, F8 (Flyball, 8RD, EV 93.1 MPH)
|
Bottom of the 1st over - 0 runs, 0 hits, 0 errors, 0 left on base; Seattle 2 - Houston 0 |
TOP OF THE 2ND |
Seattle Rocketeers batting - Pitching for Houston 1837 BBC : RHP Júlio Gutiérrez
|
Batting: LHB Juan Gutiérrez
|
0-0: Ball 1-0: Fly out, F9 (Flyball, 9D, EV 104.4 MPH)
|
Batting: RHB José Jarca
|
0-0: SINGLE (Groundball, 56D, EV 101.2 MPH)
|
Batting: RHB Andrés López
|
0-0: Called Strike 0-1: Foul Ball, location: 2F 0-2: Strikes out swinging
|
Batting: RHB Jurgen Flurgenburgen
|
0-0: Ball 1-0: Fly out, F9 (Flyball, 89D, EV 81.9 MPH)
|
Top of the 2nd over - 0 runs, 1 hit, 0 errors, 1 left on base; Seattle 2 - Houston 0 |
BOTTOM OF THE 2ND |
Houston 1837 BBC batting - Pitching for Seattle Rocketeers : RHP John A. Mais
|
Batting: LHB Javier Seco
|
0-0: Fly out, F7 (Flyball, 78S, EV 86.9 MPH)
|
Batting: RHB Phil Sherman
|
0-0: Ball 1-0: Ball 2-0: Called Strike 2-1: Ball 3-1: Foul Ball, location: 2F 3-2: SOLO HOME RUN (Flyball, 7D, EV 90.0 MPH), Distance : 416 ft
|
Batting: LHB Randy Sallah
|
0-0: Swinging Strike 0-1: SINGLE (Groundball, 4MD, EV 105.0 MPH)
|
Batting: SHB José Pinto
|
0-0: Called Strike 0-1: Foul Ball, location: 2F 0-2: Ball 1-2: Foul Ball, location: 2F 1-2: Ball 2-2: Foul Ball, location: 2F 2-2: Ball 3-2: Fly out, F7 (Flyball, 7LMF, EV 87.5 MPH)
|
Batting: LHB Seung-soo Ch'ae
|
0-0: Called Strike 0-1: Fly out, F6 (Line Drive, 6, EV 70.0 MPH)
|
Bottom of the 2nd over - 1 run, 2 hits, 0 errors, 1 left on base; Seattle 2 - Houston 1 |
TOP OF THE 3RD |
Seattle Rocketeers batting - Pitching for Houston 1837 BBC : RHP Júlio Gutiérrez
|
Batting: RHB Bogumil Tiwontschik
|
0-0: Ball 1-0: Foul Ball, location: 2F 1-1: Ground out 6-3 (Groundball, 6, EV 81.2 MPH)
|
Batting: RHB Meester Gobbles-Rooster
|
0-0: SINGLE (Groundball, 6D, EV 106.9 MPH)
|
Batting: RHB Claudio Tappen
|
0-0: Ball 1-0: Called Strike 1-1: Foul Ball, location: 2F 1-2: Ball 2-2: Strikes out swinging
|
Batting: LHB Thierry Honoré
|
0-0: Ball 1-0: Ground out 4-3 (Groundball, 4, EV 85.0 MPH)
|
Top of the 3rd over - 0 runs, 1 hit, 0 errors, 1 left on base; Seattle 2 - Houston 1 |
BOTTOM OF THE 3RD |
Houston 1837 BBC batting - Pitching for Seattle Rocketeers : RHP John A. Mais
|
Batting: LHB Carlos Medellín
|
0-0: Called Strike 0-1: Called Strike 0-2: Ball 1-2: Foul Ball, location: 2F 1-2: Strikes out swinging, 2-3 out at first.
|
Batting: RHB Krystof Melichar
|
0-0: Ball 1-0: Called Strike 1-1: Ball 2-1: Ground out 5-3 (Groundball, 56S, EV 70.0 MPH)
|
Batting: LHB Connor Petty
|
0-0: Foul Ball, location: 2F 0-1: Ball 1-1: Ground out U3 (Groundball, 3L, EV 106.2 MPH)
|
Bottom of the 3rd over - 0 runs, 0 hits, 0 errors, 0 left on base; Seattle 2 - Houston 1 |
TOP OF THE 4TH |
Seattle Rocketeers batting - Pitching for Houston 1837 BBC : RHP Júlio Gutiérrez
|
Batting: RHB Alain Grosjean
|
0-0: Ball 1-0: SINGLE (Groundball, 4D, EV 98.8 MPH)
|
Batting: LHB Juan Gutiérrez
|
0-0: Ball 1-0: Foul Ball, location: 2F 1-1: Fielders Choice at 2nd, 4-6 (Groundball, 4M, EV 91.2 MPH)
|
Batting: RHB José Jarca
|
0-0: Swinging Strike 0-1: Fielders Choice at 2nd, 6-4 (Groundball, 6, EV 84.4 MPH)
|
Batting: RHB Andrés López
|
0-0: Called Strike 0-1: 2-RUN HOME RUN (Flyball, 7D, EV 103.1 MPH), Distance : 394 ft
|
Batting: RHB Jurgen Flurgenburgen
|
0-0: Ball 1-0: Ball 2-0: Fly out, F8 (Flyball, 8RS, EV 90.6 MPH)
|
Top of the 4th over - 2 runs, 2 hits, 0 errors, 0 left on base; Seattle 4 - Houston 1 |
BOTTOM OF THE 4TH |
Houston 1837 BBC batting - Pitching for Seattle Rocketeers : RHP John A. Mais
|
Batting: RHB Joey Trifone
|
0-0: Called Strike 0-1: Swinging Strike 0-2: Ball 1-2: Fly out, F7 (Flyball, 7, EV 89.4 MPH)
|
Batting: LHB Javier Seco
|
0-0: Foul Ball, location: 2F 0-1: Ball 1-1: Fly out, F7 (Flyball, 78S, EV 77.5 MPH)
|
Batting: RHB Phil Sherman
|
0-0: Fly out, F9 (Flyball, 9S, EV 88.1 MPH)
|
Bottom of the 4th over - 0 runs, 0 hits, 0 errors, 0 left on base; Seattle 4 - Houston 1 |
TOP OF THE 5TH |
Seattle Rocketeers batting - Pitching for Houston 1837 BBC : RHP Júlio Gutiérrez
|
Batting: RHB Bogumil Tiwontschik
|
0-0: Called Strike 0-1: Foul Ball, location: 2F 0-2: Ball 1-2: Reached on error, E6 (Groundball, 6, EV 108.1 MPH)
|
Batting: RHB Meester Gobbles-Rooster
|
0-0: Called Strike Bogumil Tiwontschik steals 2nd base 0-1: Ball 1-1: SINGLE (Line Drive, 9LS, EV 108.1 MPH) Bogumil Tiwontschik to third
|
Batting: RHB Claudio Tappen
|
0-0: Ball 1-0: Ball 2-0: Called Strike 2-1: Foul Ball, location: 2F 2-2: Strikes out looking
|
Batting: LHB Thierry Honoré
|
0-0: Called Strike 0-1: Ball 1-1: Ball 2-1: Foul Ball, location: 2F 2-2: Fly out, F7 (Flyball, 78D, EV 105.6 MPH) Runner from 3rd tags up, OUT at HOME! 7-2
|
Top of the 5th over - 0 runs, 1 hit, 1 error, 1 left on base; Seattle 4 - Houston 1 |
BOTTOM OF THE 5TH |
Houston 1837 BBC batting - Pitching for Seattle Rocketeers : RHP John A. Mais
|
Batting: LHB Randy Sallah
|
0-0: Called Strike 0-1: Ball 1-1: Ball 2-1: Ball 3-1: Ground out 6-3 (Groundball, 6M, EV 97.5 MPH)
|
Batting: SHB José Pinto
|
0-0: Foul Ball, location: 2F 0-1: Foul Ball, location: 2F 0-2: Strikes out swinging
|
Batting: LHB Seung-soo Ch'ae
|
0-0: Ball 1-0: Ball 2-0: Called Strike 2-1: Ground out 4-3 (Groundball, 4, EV 87.5 MPH)
|
Bottom of the 5th over - 0 runs, 0 hits, 0 errors, 0 left on base; Seattle 4 - Houston 1 |
TOP OF THE 6TH |
Seattle Rocketeers batting - Pitching for Houston 1837 BBC : RHP Júlio Gutiérrez
|
Batting: RHB Alain Grosjean
|
0-0: SINGLE (Groundball, 56D, EV 101.9 MPH)
|
Batting: LHB Juan Gutiérrez
|
0-0: Ball 1-0: Ground out 3-1 (Groundball, 3, EV 104.4 MPH) Alain Grosjean to second
|
Batting: RHB José Jarca
|
0-0: Called Strike 0-1: Foul Ball, location: 2F 0-2: Ball 1-2: Ball 2-2: Fly out, F9 (Flyball, 9LS, EV 85.0 MPH)
|
Batting: RHB Andrés López
|
0-0: Ball 1-0: Ball 2-0: Ball 3-0: Called Strike 3-1: Base on Balls
|
Batting: RHB Jurgen Flurgenburgen
|
0-0: Ground out 3-1 (Groundball, 34, EV 108.1 MPH)
|
Top of the 6th over - 0 runs, 1 hit, 0 errors, 2 left on base; Seattle 4 - Houston 1 |
BOTTOM OF THE 6TH |
Houston 1837 BBC batting - Pitching for Seattle Rocketeers : RHP John A. Mais
|
Batting: LHB Carlos Medellín
|
0-0: SINGLE (Groundball, 6MD, EV 103.8 MPH)
|
Batting: RHB Krystof Melichar
|
0-0: Ball 1-0: Foul Ball, location: 2F 1-1: Ball 2-1: Called Strike 2-2: Grounds into double play, 5-4-3 (Groundball, 56, EV 97.5 MPH)
|
Batting: LHB Connor Petty
|
0-0: Foul Ball, location: 2F 0-1: Swinging Strike 0-2: Ball 1-2: Ball 2-2: DOUBLE (Line Drive, 89D, EV 104.4 MPH)
|
Batting: RHB Joey Trifone
|
0-0: Called Strike 0-1: Ball 1-1: Ground out 4-3 (Groundball, 4, EV 98.8 MPH)
|
Bottom of the 6th over - 0 runs, 2 hits, 0 errors, 1 left on base; Seattle 4 - Houston 1 |
TOP OF THE 7TH |
Seattle Rocketeers batting - Pitching for Houston 1837 BBC : RHP Júlio Gutiérrez
|
Batting: RHB Bogumil Tiwontschik
|
0-0: Called Strike 0-1: Ball 1-1: Ground out 6-3 (Groundball, 6, EV 80.6 MPH)
|
Batting: RHB Meester Gobbles-Rooster
|
0-0: Ball 1-0: Called Strike 1-1: Called Strike 1-2: Strikes out looking
|
Pitching: RHP Dino Moonglampers
|
|
Batting: RHB Claudio Tappen
|
0-0: Called Strike 0-1: Foul Ball, location: 2F 0-2: DOUBLE (Line Drive, 9LM, EV 106.2 MPH)
|
Batting: LHB Thierry Honoré
|
0-0: SINGLE (Groundball, 34S, EV 91.9 MPH) (infield hit) Claudio Tappen to third
|
Batting: RHB Alain Grosjean
|
0-0: Called Strike 0-1: SINGLE (Groundball, 25, EV 72.5 MPH) (infield hit) Claudio Tappen scores Thierry Honoré to second
|
Batting: LHB Juan Gutiérrez
|
0-0: Ball 1-0: Fielders Choice at 2nd, 5-4 (Groundball, 56, EV 85.6 MPH)
|
Top of the 7th over - 1 run, 3 hits, 0 errors, 2 left on base; Seattle 5 - Houston 1 |
BOTTOM OF THE 7TH |
Houston 1837 BBC batting - Pitching for Seattle Rocketeers : RHP John A. Mais
|
Batting: LHB Javier Seco
|
0-0: DOUBLE (Line Drive, 89D, EV 99.4 MPH)
|
Batting: RHB Phil Sherman
|
0-0: Ball 1-0: Ground out 6-3 (Groundball, 6, EV 86.9 MPH)
|
Batting: LHB Randy Sallah
|
0-0: Ball 1-0: Ball 2-0: Ball 3-0: Base on Balls
|
Batting: SHB José Pinto
|
0-0: Called Strike 0-1: Foul Ball, location: 2F 0-2: Fly out, F9 (Flyball, 9D, EV 101.9 MPH) Runner from 2nd tags up, SAFE at 3rd, no throw by RF
|
Batting: LHB Seung-soo Ch'ae
|
0-0: Ball 1-0: Ground out 1-3 (Groundball, 34S, EV 78.1 MPH)
|
Bottom of the 7th over - 0 runs, 1 hit, 0 errors, 2 left on base; Seattle 5 - Houston 1 |
TOP OF THE 8TH |
Seattle Rocketeers batting - Pitching for Houston 1837 BBC : RHP Dino Moonglampers
|
Batting: RHB José Jarca
|
0-0: Ball 1-0: Ball 2-0: Foul Ball, location: 2F 2-1: Foul Ball, location: 2F 2-2: SOLO HOME RUN (Flyball, 9LD, EV 100.0 MPH), Distance : 350 ft
|
Batting: RHB Andrés López
|
0-0: Called Strike 0-1: Ball 1-1: Ball 2-1: Ball 3-1: Foul Ball, location: 2F 3-2: Foul Ball, location: 2F 3-2: Foul Ball, location: 2F 3-2: Foul Ball, location: 2F 3-2: Foul Ball, location: 2F 3-2: Foul Ball, location: 2F 3-2: Fly out, F4 (Flyball, 4D, EV 92.5 MPH)
|
Batting: RHB Jurgen Flurgenburgen
|
0-0: Called Strike 0-1: Swinging Strike 0-2: Foul Ball, location: 2F 0-2: Fly out, F9 (Line Drive, 9D, EV 88.8 MPH)
|
Batting: RHB Bogumil Tiwontschik
|
0-0: Called Strike 0-1: Foul Ball, location: 2F 0-2: Ball 1-2: Foul Ball, location: 2F 1-2: SINGLE (Groundball, 4D, EV 101.2 MPH)
|
Pitching: LHP Alexis Zambaco
|
|
Batting: RHB Meester Gobbles-Rooster
|
0-0: SINGLE (Groundball, 56D, EV 93.8 MPH) Bogumil Tiwontschik to second Runner from 2nd tries for 3rd, SAFE, throw by LF made to third
|
Batting: RHB Claudio Tappen
|
0-0: Swinging Strike 0-1: Ball 1-1: Foul Ball, location: 2F 1-2: SINGLE (Groundball, 56D, EV 100.6 MPH) Bogumil Tiwontschik scores Meester Gobbles-Rooster to second
|
Batting: LHB Thierry Honoré
|
0-0: Called Strike 0-1: Ball 1-1: Ball 2-1: Foul Ball, location: 2F 2-2: Fielders Choice at 2nd, 6-4 (Groundball, 4M, EV 101.9 MPH)
|
Top of the 8th over - 2 runs, 4 hits, 0 errors, 2 left on base; Seattle 7 - Houston 1 |
BOTTOM OF THE 8TH |
Houston 1837 BBC batting - Pitching for Seattle Rocketeers : RHP John A. Mais
|
Batting: LHB Carlos Medellín
|
0-0: Ball 1-0: Ball 2-0: Ground out 4-3 (Groundball, 4M, EV 88.1 MPH)
|
Batting: RHB Krystof Melichar
|
0-0: Foul Ball, location: 2F 0-1: Ball 1-1: Ball 2-1: Called Strike 2-2: SINGLE (Groundball, 56D, EV 98.1 MPH)
|
Batting: LHB Connor Petty
|
0-0: Fly out, F8 (Line Drive, 8RD, EV 109.4 MPH)
|
Batting: RHB Joey Trifone
|
0-0: Called Strike 0-1: Foul Ball, location: 2F 0-2: Ball Pickoff Throw to First - Out! 1-3
|
Bottom of the 8th over - 0 runs, 1 hit, 0 errors, 0 left on base; Seattle 7 - Houston 1 |
TOP OF THE 9TH |
Seattle Rocketeers batting - Pitching for Houston 1837 BBC : LHP Alexis Zambaco
|
Batting: RHB Alain Grosjean
|
0-0: Ball 1-0: Foul Ball, location: 2F 1-1: Ball 2-1: Ground out 1-3 (Groundball, 15, EV 80.0 MPH)
|
Batting: LHB Juan Gutiérrez
|
0-0: Ball 1-0: Called Strike 1-1: Ground out 2-3 (Groundball, 13S, EV 61.9 MPH)
|
Batting: RHB José Jarca
|
0-0: Ball 1-0: Ball 2-0: Ball 3-0: Base on Balls
|
Batting: RHB Andrés López
|
0-0: Swinging Strike 0-1: Fly out, F4 (Line Drive, 4, EV 74.4 MPH)
|
Top of the 9th over - 0 runs, 0 hits, 0 errors, 1 left on base; Seattle 7 - Houston 1 |
BOTTOM OF THE 9TH |
Houston 1837 BBC batting - Pitching for Seattle Rocketeers : RHP John A. Mais
|
Batting: RHB Joey Trifone
|
0-0: Called Strike 0-1: Ball 1-1: Ground out 1-3 (Groundball, 34S, EV 85.0 MPH)
|
Batting: LHB Javier Seco
|
0-0: Swinging Strike 0-1: Foul Ball, location: 2F 0-2: Hit by Pitch
|
Batting: RHB Phil Sherman
|
0-0: Ball 1-0: Ball 2-0: Foul Ball, location: 2F 2-1: Swinging Strike 2-2: Ball 3-2: Strikes out swinging
|
Batting: LHB Randy Sallah
|
0-0: Ball 1-0: Ground out 2-3 (Groundball, 15S, EV 69.4 MPH)
|
Bottom of the 9th over - 0 runs, 0 hits, 0 errors, 1 left on base; Seattle 7 - Houston 1 |
|